 Dungeon Crawl Stone Soup version 0.30.1-3-gfc49f6343a (webtiles) character file.

Game seed: 14282982813316648995

60 Woods the Stinger (level 3, 0/19 HPs)
             Began as a Deep Elf Venom Mage on Aug 8, 2023.
             Succumbed to an adder's poison
             ... on level 2 of the Dungeon.
             The game lasted 00:02:31 (1460 turns).

Woods the Stinger (Deep Elf Venom Mage)             Turns: 1460, Time: 00:02:32

Health: 0/19       AC:  2    Str:  5    XL:     3   Next: 80%
Magic:  1/10       EV: 13    Int: 21    God:
Gold:   31         SH:  0    Dex: 15    Spells: 3/9 levels left

rFire   . . .        (no weapon)
rCold   . . .        (no shield)
rNeg    . . .        a - +0 robe
rPois   .            (no helmet)
rElec   .            (no cloak)
rCorr   .            (no gloves)
SInv    .            (no boots)
Will    .....        (no amulet)
Stlth   ++           (no ring)
HPRegen 0.23/turn    (no ring)
MPRegen 0.12/turn

%: no passive effects
@: lethally poisoned (0 -> -13), very slightly contaminated
A: no striking features
a: no special abilities


You were on level 2 of the Dungeon.
You visited 1 branch of the dungeon, and saw 2 of its levels.

You collected 31 gold pieces.

Inventory:

Armour
 a - a +0 robe (worn)
Scrolls
 c - a scroll of identify {unknown}
 d - 2 scrolls of fear {unknown}
 e - 4 scrolls of magic mapping {unknown}
 f - a scroll of blinking {unknown}
 g - 3 scrolls of fog {unknown}
 h - a scroll of teleportation {unknown}
Potions
 b - a potion of magic
 i - a potion of curing {unknown}


   Skills:
 + Level 3.1 Dodging
 + Level 3.2 Stealth
 + Level 3.6 Spellcasting
 + Level 2.0 Transmutations
 + Level 3.7 Poison Magic


You had 3 spell levels left.
You knew the following spells:

 Your Spells              Type           Power      Damage    Failure   Level
a - Sting                 Tmut/Pois      64%        1d6       3%          1
b - Poisonous Vapours     Pois/Air       22%        N/A       9%          2
c - Mephitic Cloud        Conj/Pois/Air  9%         N/A       22%         3

Your spell library contained the following spells:

 Spells                   Type           Power      Damage    Failure   Level
 Olgreb's Toxic Radiance  Pois           19%        N/A       26%         4


Dungeon Overview and Level Annotations

Branches:
Dungeon (2/15)

Altars:


Message History

Poisonous vapours surround the adder!
The adder looks even sicker.
Unknown command.
Casting: Poisonous Vapours (safe; 9% risk of failure)
Confirm with . or Enter, or press ? or * to list all spells.
Aiming: Poisonous Vapours (safe; 9% risk of failure)
Press: ? - help, Dir - move target, f/p - adder
Aim: an adder (very poisoned) Poisonous vapours surround the adder!
The adder looks even sicker.
Unknown command.
You closely miss the adder.
The adder is moderately wounded.
The adder misses you. The adder bites you.
You are poisoned.
The adder poisons you!
You miss the adder.
The adder is moderately wounded.
You feel sick. The adder bites you.
You are more poisoned.
The adder poisons you!
You hit the adder but do no damage.
The adder is moderately wounded.
You feel sick. The adder bites you.
Your magical contamination has completely faded away.
You hit the adder.
The adder is heavily wounded.
You feel sick. The adder bites you.
You are lethally poisoned!
The adder poisons you! The adder bites you.
* * * LOW HITPOINT WARNING * * *
You are more poisoned.
The adder poisons you!
Casting: Poisonous Vapours (safe; 9% risk of failure)
Confirm with . or Enter, or press ? or * to list all spells.
Aiming: Poisonous Vapours (safe; 9% risk of failure)
Press: ? - help, Dir - move target, f/p - adder
Aim: an adder (heavily wounded, very poisoned)
You miscast Poisonous Vapours.
You are very lightly contaminated with residual magic.
Nothing appears to happen.
You die...

#.#### #....#
#+###+# ####.#
+.....+ #.# #.....#
#.# #.....#### #.#
#.....#..# #.#
#..S..#..# #.#
##+####@####÷## #.#
..............###.#
..................#
..............###†#
.#+####'####'## #.#
#.....#..# #.#
#.....#..# #.#
####..†..#### #.#
#..#.....#..# ...


You could see an adder (very poisoned).

Vanquished Creatures
  3 adders (D:2)
  An endoplasm (D:1)
  A giant cockroach (D:1)
  8 goblins
  2 hobgoblins (D:1)
  4 kobolds (D:1)
  2 quokkas (D:1)
  2 ball pythons
  5 bats (D:1)
  2 frilled lizards
  A rat (D:1)
31 creatures vanquished.

Notes
Turn   | Place    | Note
-------+----------+-------------------------------------------
     0 | D:1      | Woods the Deep Elf Venom Mage began the quest for the Orb.
     0 | D:1      | Reached XP level 1. HP: 10/10 MP: 6/6
   214 | D:1      | Reached XP level 2. HP: 15/15 MP: 6/8
  1154 | D:2      | Reached XP level 3. HP: 19/19 MP: 7/9
  1200 | D:2      | Learned a level 2 spell: Poisonous Vapours
  1204 | D:2      | Learned a level 3 spell: Mephitic Cloud
  1460 | D:2      | Succumbed to an adder's poison

Illustrated notes

Levels and vault maps discovered:
D:1:      lightli_arrival_maybe_door_vault, layout_loops_corners,
          hangedman_decor_points
D:2:      layout_loops_ring, serial_glass, glass_columns_a, glass_columns_a,
          serial_shops, shop_coins, minmay_misc_feat_encased,
          minmay_strange_pillars, minmay_snake_closets

Skill      XL: |  1  2  3 |
---------------+----------+-----
Dodging        | 3 |  3.1
Stealth        | 3 |  3.2
Transmutations | 2 |  2.0
Spellcasting   | |  3.6
Poison Magic   | |  3.7

Action                     || total
---------------------------++-------
  Melee: Unarmed           ||    27
   Cast: Sting             ||    47
         Poisonous Vapours ||     8
 Armour: Robe              ||    11
  Dodge: Dodged            ||    37
